AoeStats
← El sar

Arabia

509198561Analyzed
1v1 RM · 7d ago on Sep 25, 2026· 50m 27s· 2 players
Game mode
Random Map
Map size
Tiny (2 player)
Population
200
Speed
Normal
Resources
Standard
Victory
Conquest
Starting age
Dark Age
Ending age
Imperial Age
RankedLock teamsTeams togetherTeam positionsShared explorationLock speedFull tech treeHidden civsTurbo modeCheats
Victory
Defeat
🇧🇷 Saxons · Brazil
595
+14
🇨🇴 Sicilians · Colombia
550
-14
El sar
7:26 Loom
11:13 Feudal Age
13:54 Stone Mining
20:39 Fletching
29:47 Double-Bit Axe
33:28 Castle Age
32:09 Horse Collar
38:40 Husbandry
38:50 Bloodlines
41:38 Scale Barding Armor
43:49 Chain Barding Armor
43:50 Bodkin Arrow
pedrocontecorrea
6:01 Loom
9:22 Feudal Age
11:11 Double-Bit Axe
23:11 Horse Collar
23:30 Fletching
29:35 Castle Age
28:16 Padded Archer Armor
30:46 Bodkin Arrow
31:07 Leather Archer Armor
32:36 Crossbowman
33:22 Thumb Ring
34:51 Ballistics
34:52 Arson
37:32 Guard Tower
38:16 Squires
47:22 Imperial Age
45:28 Wheelbarrow
44:39 Town Watch
45:58 Forging
45:49 Scale Mail Armor
47:52 Arbalester
48:36 Bracer
49:07 Ring Archer Armor
49:40 Chemistry
48:26 Arrowslits
50:06 Elite Varangian Guard
Connection lost

Rejoining the realm…

Still unreachable

The connection could not be restored.

Session expired

The server has moved on; the page needs a fresh start.